 Dungeon Crawl Stone Soup version 0.31-a0-4-gefa6de2278 (webtiles) character file.

Game seed: 16705154927703590636

2912 retardedninja the Magician (level 9, -1/66 HPs)
             Began as a Gnoll Fire Elementalist on May 3, 2023.
             Was a Follower of Cheibriados.
             Slain by an orc wizard
             ... wielding the +5 woodcutter's axe
              (9 damage)
             ... on level 7 of the Dungeon.
             The game lasted 00:10:33 (9671 turns).

retardedninja the Magician (GnFE)                   Turns: 9671, Time: 00:10:34

Health: -1/66      AC:  6    Str: 10    XL:     9   Next: 78%
Magic:  19/19      EV: 15    Int: 20    God:    Cheibriados [*.....]
Gold:   341        SH:  0    Dex: 15    Spells: 19/22 levels left

rFire   + . .        b - +0 morningstar
rCold   x . .        (no shield)
rNeg    . . .        a - +0 robe
rPois   .            k - +2 helmet
rElec   .            (no cloak)
rCorr   .            (no gloves)
SInv    .            g - +0 pair of boots
Will    +....        (no amulet)
Stlth   +            m - ring of willpower
HPRegen 0.31/turn    c - ring of fire
MPRegen 0.16/turn

%: no passive effects
@: confused, ambrosia-drunk, very slow
A: fangs 1, strong nose, distributed training
a: Renounce Religion, Bend Time


You were on level 7 of the Dungeon.
You worshipped Cheibriados.
Cheibriados was aware of your devotion.
You visited 2 branches of the dungeon, and saw 8 of its levels.

You collected 341 gold pieces.

Inventory:

Hand Weapons
 b - a +0 morningstar (weapon)
Armour
 a - a +0 robe (worn)
 g - a +0 pair of boots (worn)
 k - a +2 helmet (worn)
Jewellery
 c - a ring of fire (right hand)
 m - a ring of willpower (left hand)
 v - an amulet of guardian spirit
Wands
 e - a wand of flame (19)
Scrolls
 d - a scroll of fear {unknown}
 f - a scroll of immolation
 h - a scroll of noise {unknown}
 i - 2 scrolls of blinking
 j - 2 scrolls of poison {unknown}
 q - a scroll of enchant weapon {unknown}
 s - 5 scrolls of identify
 u - a scroll of magic mapping {unknown}
Potions
 l - 2 potions of flight {unknown}
 n - a potion of ambrosia
 o - 2 potions of mutation
 p - 4 potions of might
 r - a potion of curing {unknown}
 t - a potion of haste {unknown}
 w - a potion of berserk rage {unknown}


   Skills:
 + Level 4.7 Fighting
 + Level 4.7 Short Blades
 + Level 4.7 Long Blades
 + Level 4.7 Axes
 + Level 4.7 Maces & Flails
 + Level 4.7 Polearms
 + Level 4.7 Staves
 + Level 4.7 Ranged Weapons
 + Level 4.7 Throwing
 + Level 4.7 Armour
 + Level 6.7 Dodging
 + Level 6.4 Stealth
 + Level 4.7 Shields
 + Level 4.7 Unarmed Combat
 + Level 7.0 Spellcasting
 + Level 4.5 Conjurations
 + Level 3.9 Hexes
 + Level 3.9 Summonings
 + Level 3.9 Necromancy
 + Level 3.9 Translocations
 + Level 3.9 Transmutations
 + Level 6.8 Fire Magic
 + Level 3.9 Ice Magic
 + Level 3.9 Air Magic
 + Level 3.9 Earth Magic
 + Level 3.9 Poison Magic
 + Level 5.2 Invocations
 + Level 4.7 Evocations


You had 19 spell levels left.
You knew the following spells:

 Your Spells              Type           Power      Damage    Failure   Level
a - Foxfire               Conj/Fire      100%       2x1d9     1%          1
b - Scorch                Fire           100%       2d9       1%          2

Your spell library contained the following spells:

 Spells                   Type           Power      Damage    Failure   Level
 Necrotise                Necr           88%        1d8       1%          1
 Blink                    Tloc           44%        N/A       2%          2
 Inner Flame              Hex/Fire       42%        N/A       3%          3
 Volatile Blastmotes      Fire/Tloc      84%        2d17      3%          3
 Vampiric Draining        Necr           22%        2d7       5%          3
 Flame Wave               Conj/Fire      44%        2d11      9%          4
 Fulminant Prism          Conj/Hex       12%        3d8       16%         4
 Iskenderun's Mystic Bla  Conj/Tloc      24%        2d7       16%         4
 Cause Fear               Hex            11%        N/A       19%         4
 Manifold Assault         Tloc           22%        N/A       19%         4
 Agony                    Necr           22%        N/A       45%         5
 Lee's Rapid Deconstruct  Erth           11%        3d8*      45%         5
 Dragon Form              Tmut           11%        N/A       100%        7
 Storm Form               Tmut/Air       11%        N/A       100%        7
 Dragon's Call            Summ           11%        N/A       100%        9


Dungeon Overview and Level Annotations

Branches:
Dungeon (7/15)             Temple (1/1) D:6

Altars:
Ashenzari
Cheibriados
Dithmenos
Elyvilon
Fedhas
Gozag
Hepliaklqana
Kikubaaqudgha
Nemelex Xobeh
Okawaru
Qazlal
Sif Muna
Trog
Vehumet
Xom
The Shining One
Lugonu

Shops:
D:4 *

Annotations:
D:2 1 runed translucent door, Crazy Yiuf


Innate Abilities, Weirdness & Mutations

You have very sharp teeth.
Your uncanny sense of smell can sniff out nearby items.
Your experience applies equally to all skills.


Message History

The orc is almost dead.
The orc misses you.
Unknown command.
Something hits you. The orc hits you with a +0 hand axe.
You feel a surge of power!
You conjure some foxfire!
You hear some strange, mumbled words.
Something tries to affect you, but you resist.
The orc hits you but does no damage.
The orc hits your foxfire with a +0 hand axe.
Unknown command.
The foxfire hits the orc but does no damage.
The orc is almost dead.
The foxfire hits something.
The orc closely misses you. Something hits you but does no damage.
You feel a surge of power!
You conjure some foxfire!
Something hits you. Something hits your foxfire! The orc closely misses you.
The orc hits your foxfire with a +0 hand axe.
Unknown command.
You are too injured to fight recklessly!
The foxfire hits something.
The foxfire hits the orc.
You kill the orc!
Cheibriados appreciates the change of pace.
Something hits you.
Unknown command.
You are too injured to fight recklessly!
Something hits you.
Unknown command.
You are too injured to fight recklessly!
Something hits you!
You miss something. Something hits you!
* * * LOW HITPOINT WARNING * * *
You are confused.
You feel invigorated. Something hits you.
* * * LOW HITPOINT WARNING * * *
You're too confused to move!
Something hits you.
* * * LOW HITPOINT WARNING * * *
Something hits you!
* * * LOW HITPOINT WARNING * * *
You closely miss something. Your bite misses something. Something hits you!
You die...

##..## ##.
##..## ##...
##..###.....
##..#......
##........
##........
###.........
#...........
#.)@...).)..
##.{.)......
##.........
###.......
##.....
#.... #.# .#


There were no monsters in sight!

Vanquished Creatures
  A troll (D:6)
  2 orc warriors
  A black bear (D:5)
  An ice beast (D:6)
  5 ogres
  A centaur (D:5)
  4 phantoms
  2 bullfrogs (D:6)
  4 scorpions
  8 wights
  4 howler monkeys
  2 hounds
  A jelly (D:4)
  2 orc priests
  Terence (D:2)
  5 iguanas
  3 sleepcaps
  2 orc wizards
  7 adders
  2 white imps
  2 worms
  5 dart slugs (D:2)
  18 orcs
  6 ball pythons
  A bat (D:2)
  5 endoplasms
  2 giant cockroaches
  4 goblins
  6 hobgoblins
  9 jackals
  7 kobolds
  5 quokkas
  3 frilled lizards (D:1)
  3 rats
134 creatures vanquished.

Vanquished Creatures (others)
  500 foxfires
500 creatures vanquished.

Grand Total: 634 creatures vanquished

Notes
Turn   | Place    | Note
-------+----------+-------------------------------------------
     0 | D:1      | retardedninja the Gnoll Fire Elementalist began the quest
                  | for the Orb.
     0 | D:1      | Reached XP level 1. HP: 13/13 MP: 6/6
   266 | D:1      | Reached XP level 2. HP: 19/19 MP: 3/7
   947 | D:2      | Learned a level 2 spell: Scorch
  1129 | D:2      | Reached skill level 5 in Spellcasting
  1129 | D:2      | Reached XP level 3. HP: 25/25 MP: 6/9
  1455 | D:2      | Reached skill level 1 in Invocations
  1566 | D:2      | Reached skill level 1 in Fighting
  1566 | D:2      | Reached skill level 1 in Short Blades
  1566 | D:2      | Reached skill level 1 in Long Blades
  1566 | D:2      | Reached skill level 1 in Axes
  1566 | D:2      | Reached skill level 1 in Maces & Flails
  1566 | D:2      | Reached skill level 1 in Polearms
  1566 | D:2      | Reached skill level 1 in Staves
  1566 | D:2      | Reached skill level 1 in Ranged Weapons
  1566 | D:2      | Reached skill level 1 in Throwing
  1566 | D:2      | Reached skill level 1 in Armour
  1566 | D:2      | Reached skill level 1 in Shields
  1566 | D:2      | Reached skill level 1 in Unarmed Combat
  1566 | D:2      | Reached skill level 1 in Evocations
  1794 | D:2      | Noticed Terence
  1804 | D:2      | Killed Terence
  1805 | D:2      | Reached skill level 1 in Hexes
  1805 | D:2      | Reached skill level 1 in Summonings
  1805 | D:2      | Reached skill level 1 in Necromancy
  1805 | D:2      | Reached skill level 1 in Translocations
  1805 | D:2      | Reached skill level 1 in Transmutations
  1805 | D:2      | Reached skill level 1 in Ice Magic
  1805 | D:2      | Reached skill level 1 in Air Magic
  1805 | D:2      | Reached skill level 1 in Earth Magic
  1805 | D:2      | Reached skill level 1 in Poison Magic
  1805 | D:2      | Reached XP level 4. HP: 28/32 MP: 0/11
  2166 | D:2      | Found a runed translucent door.
  2167 | D:2      | Noticed Crazy Yiuf
  2748 | D:3      | Found a broken altar of Ashenzari.
  2748 | D:3      | Found an ancient bone altar of Kikubaaqudgha.
  3003 | D:3      | Reached XP level 5. HP: 37/37 MP: 8/12
  3320 | D:4      | Noticed a phantom
  3327 | D:4      | Killed a phantom
  3580 | D:4      | Found a shimmering blue altar of Sif Muna.
  3639 | D:4      | Reached XP level 6. HP: 44/44 MP: 10/13
  3803 | D:4      | Found Biheol's Assorted Antiques.
  3996 | D:4      | Reached skill level 5 in Dodging
  4681 | D:5      | Entered Level 5 of the Dungeon
  4838 | D:5      | Reached XP level 7. HP: 50/50 MP: 4/15
  5287 | D:5      | Reached skill level 5 in Stealth
  5673 | D:5      | Reached XP level 8. HP: 58/58 MP: 9/16
  5877 | D:5      | Reached skill level 6 in Spellcasting
  6584 | D:6      | Found an iron altar of Okawaru.
  6601 | D:6      | Noticed a troll
  6610 | D:6      | Killed a troll
  7277 | D:5      | Reached XP level 9. HP: 39/65 MP: 11/18
  7814 | D:6      | Found a shimmering altar of Xom.
  8387 | D:6      | Found a shadowy altar of Dithmenos.
  8406 | D:6      | Found a staircase to the Ecumenical Temple.
  8431 | Temple   | Entered the Ecumenical Temple
  8464 | Temple   | Became a worshipper of Cheibriados the Contemplative
  8566 | D:6      | Found a sparkling altar of Nemelex Xobeh.
  8710 | D:6      | Found a white marble altar of Elyvilon.
  9032 | D:6      | Found a bloodstained altar of Trog.
  9083 | D:6      | Reached skill level 5 in Invocations
  9472 | D:7      | Reached * piety under Cheibriados
  9479 | D:7      | Reached skill level 7 in Spellcasting
  9671 | D:7      | Slain by an orc wizard

Illustrated notes

Levels and vault maps discovered:
D:1:      grunt_arrival_crossed_arrows, layout_loops_cross
D:2:      layout_loops_ring, palyth_stone_intersect, uniq_crazy_yiuf_cottage,
          uniq_terence
D:3:      layout_basic, chequers_temple_overflow_statue_of_worship
D:4:      layout_loops_ring, nicolae_overflow_crystal_walls, serial_shops, shop
D:5:      layout_loops_ring, grunt_decor_resistance
D:6:      layout_rooms, amcnicky_altar_gilded,
          mainiacjoe_overflow_small_starburst, elyvilon_altar_4,
          trog_butcher_becter, xom_confusion_cloud,
          mainiacjoe_overflow_alcove_4, minmay_temple_entry_mist,
          gup_sewer_entry_spiral
D:7:      layout_cave_pods, gammafunk_temple_overflow_forgotten,
          minmay_fire_ice_demons
Temple:   corrupted_temple

Skill      XL: |  1  2  3  4  5  6  7  8  9 |
---------------+----------------------------+-----
Conjurations   | 2 3 4 |  4.5
Spellcasting   | 5 6 7 |  7.0
Invocations    | 1 2 3 4 5 |  5.2
Fighting       | 1 2 3 4 |  4.7
Short Blades   | 1 2 3 4 |  4.7
Long Blades    | 1 2 3 4 |  4.7
Axes           | 1 2 3 4 |  4.7
Maces & Flails | 1 2 3 4 |  4.7
Polearms       | 1 2 3 4 |  4.7
Staves         | 1 2 3 4 |  4.7
Ranged Weapons | 1 2 3 4 |  4.7
Throwing       | 1 2 3 4 |  4.7
Armour         | 1 2 3 4 |  4.7
Shields        | 1 2 3 4 |  4.7
Unarmed Combat | 1 2 3 4 |  4.7
Evocations     | 1 2 3 4 |  4.7
Hexes          | 1 2 3 |  3.9
Summonings     | 1 2 3 |  3.9
Necromancy     | 1 2 3 |  3.9
Translocations | 1 2 3 |  3.9
Transmutations | 1 2 3 |  3.9
Ice Magic      | 1 2 3 |  3.9
Air Magic      | 1 2 3 |  3.9
Earth Magic    | 1 2 3 |  3.9
Poison Magic   | 1 2 3 |  3.9
Dodging        | 5 6 |  6.7
Stealth        | 5 6 |  6.4
Fire Magic     | 6 |  6.8

Action                     |  1- 3 |  4- 6 |  7- 9 || total
---------------------------+-------+-------+-------++-------
  Melee: Broad axe         |     4 |     8 |     4 ||    16
         Bite              |       |     3 |     1 ||     4
         Morningstar       |       |       |    19 ||    19
         Punch             |       |       |     1 ||     1
   Cast: Foxfire           |    80 |   140 |    96 ||   316
         Scorch            |     4 |    16 |    87 ||   107
    Use: Scroll            |       |     6 |       ||     6
         Potion            |       |     3 |     4 ||     7
   Stab: Sleeping          |     1 |       |       ||     1
         Invisible         |       |     1 |       ||     1
 Armour: Robe              |     2 |    20 |    31 ||    53
  Dodge: Dodged            |    11 |    40 |    97 ||   148

Table legend: (Time is in decaauts)
 A = Elapsed time spent in this place.
 B = Non-inter-level travel time spent in this place.
 C = Inter-level travel time spent in this place.
 D = Time resting spent in this place.
 E = Time spent auto-exploring this place.
 F = Levels seen in this place.
 G = Mean time per level.
                   A        B        C        D        E       F      G
               +--------+--------+--------+--------+--------+-----+--------+
         Total |   9967 |   9626 |    341 |   2238 |   6004 |   8 | 1245.9 |
       Dungeon |   9900 |   9576 |    324 |   2238 |   5971 |   7 | 1414.3 |
        Temple |     67 |     51 |     16 |      0 |     33 |   1 |   67.0 |
               +--------+--------+--------+--------+--------+-----+--------+

Top non-repeatable levels by time:
     D:5: 3459 daAuts
     D:2: 1629 daAuts
     D:6: 1459 daAuts
     D:4: 1441 daAuts
     D:1: 886 daAuts
     D:3: 729 daAuts
     D:7: 294 daAuts
  Temple: 67 daAuts
